Map: Blackburn LE

Players

Opponent

  • Race: Terran Terran
  • League: Diamond

ViBE - Winner!

  • Race: Protoss Protoss
  • League: Diamond

VOD

https://youtu.be/XDSLv3b7Bko?t=26340

Description

Zealot Max Out at 9:30

Time

  • Played on: April 12, 2021, 4:17 a.m.
  • Length: 11:29
Show
View Real Time Build Order
Export as new Build Order

Opponent Terran 

Build Orders: Reaper Expand 

Get SALT Encoding   

  12  0:00  SCV  
  13  0:12  SCV  
  14  0:17  Supply Depot  
  14  0:25  SCV  
  15  0:39  SCV  
  15  0:40  Barracks  
  16  0:44  Refinery  
  16  0:51  SCV  
  17  1:03  SCV  
  18  1:15  SCV  
  19  1:29  Reaper  
  19  1:31  Orbital Command  
  20  1:41  Command Center  
  20  1:49  Supply Depot  
  20  1:56  SCV  
  21  2:01  Marine  
  22  2:09  SCV  
  22  2:12  Factory  
  23  2:17  Bunker  
  23  2:21  SCV  
  24  2:26  Refinery  
  24  2:27  Barracks Reactor  
  24  2:33  SCV  
  25  2:45  SCV  
  26  2:55  Orbital Command  
  26  2:57  SCV, Hellion  
  29  2:59  Starport  
  29  3:05  Marine  
  30  3:07  Marine  
  30  3:09  SCV  
  32  3:19  Widow Mine  
  34  3:20  SCV  
  34  3:21  SCV  
  36  3:28  Marine x2  
  36  3:31  Supply Depot  
  36  3:33  SCV  
  39  3:34  SCV  
  39  3:37  Medivac  
  39  3:41  Widow Mine  
  44  3:45  Supply Depot  
  41  3:56  SCV x2  
  41  3:59  Marine x2  
  45  4:07  Factory Tech Lab  
  45  4:08  Starport Tech Lab, SCV x2  
  47  4:24  SCV  
  47  4:25  SCV  
  47  4:29  Siege Tank, Command Center  
  47  4:31  Raven  
  54  4:32  Marine  
  54  4:33  Marine  
  54  4:36  SCV  
  54  4:38  Supply Depot, SCV  
  58  4:48  SCV  
  58  4:50  SCV, Bunker, Marine x2  
  62  5:00  SCV, Bunker  
  62  5:01  Supply Depot  
  62  5:02  SCV  
  62  5:04  Siege Tank  
  67  5:08  Marine x2  
  67  5:13  SCV  
  70  5:21  SCV  
  70  5:25  SCV  
  70  5:28  Refinery  
  66  5:30  Engineering Bay, Marine  
  66  5:31  Refinery, Marine  
  66  5:33  SCV  
  69  5:37  SCV  
  69  5:39  Starport Reactor  
  69  5:41  Orbital Command  
  70  5:44  Barracks  
  70  5:45  SCV  
  70  5:46  Barracks  
  70  5:49  SCV  
  72  5:50  Factory Reactor  
  72  5:57  Terran Infantry Weapons Level 1, Marine  
  72  5:58  SCV, Marine  
  72  6:01  SCV  
  76  6:06  Barracks  
  76  6:08  Barracks  
  76  6:10  SCV  
  77  6:13  SCV  
  77  6:15  Marine x2  
  80  6:22  SCV  
  80  6:24  Supply Depot  
  80  6:25  SCV  
  82  6:26  Medivac x2  
  82  6:28  Supply Depot  
  87  6:33  Marine x2  
  87  6:34  SCV  
  87  6:37  SCV  
  87  6:38  Orbital Command  
  92  6:40  Stimpack, Marauder  
  92  6:46  SCV, Combat Shield, Widow Mine x2, Marauder  
  99  6:51  Marine x2  
  99  6:52  Supply Depot  
  99  6:53  Supply Depot  
  101  6:57  Medivac x2  
  101  7:00  Barracks Reactor, Barracks Tech Lab  
  105  7:04  SCV x2  
  105  7:05  SCV  
  108  7:10  Supply Depot  
  108  7:15  Marine x2  
  108  7:16  SCV, Marauder x2  
  108  7:17  SCV  
  117  7:22  SCV  
  117  7:23  Marine  
  117  7:28  SCV  
  119  7:32  Bunker  
  119  7:33  Marine  
  119  7:35  Supply Depot, SCV x2  
  119  7:36  Supply Depot x2, Marine x2  
  124  7:38  Supply Depot, Marine, Marauder x2  
  124  7:39  Refinery  
  124  7:40  Refinery  
  124  7:41  SCV  
  124  7:42  Marauder  
  132  7:47  SCV  
  133  7:56  SCV, Marine x2  
  133  7:57  SCV, Widow Mine x2, Medivac  
  143  7:59  SCV  
  142  8:09  SCV, Marine x2  
  142  8:10  Marauder x3  
  151  8:16  Marine  
  151  8:17  Marine  
  151  8:19  Command Center  
  153  8:20  Viking  
  155  8:27  Marine  
  155  8:29  Terran Infantry Armor Level 1, Widow Mine x2  
  155  8:31  Marauder x2  
  164  8:35  Engineering Bay  
  164  8:36  Armory, Marine  
  164  8:37  Concussive Shells  
  165  8:50  Ghost Academy  
  165  8:54  Sensor Tower  
  165  9:02  Missile Turret  
  165  9:18  Barracks  
  165  9:21  Barracks  
  165  9:30  Medivac x2, Marine x5  
  165  9:31  Widow Mine x2, Marauder  
  167  9:41  Marauder  
  167  9:44  Orbital Command  
  139  9:48  Marine x5  
  126  10:02  Marine  
  126  10:06  Marine x4  
  129  10:07  Bunker  
  129  10:13  SCV x2  
  69  10:58  Barracks  
Show
View Real Time Build Order
Export as new Build Order

ViBE Protoss - Winner!

Build Orders: 1 Gate Expand, Blink Stalkers 

Get SALT Encoding   

  12  0:00  Probe  
  13  0:12  Probe  
  14  0:17  Pylon  
  14  0:24  Probe  
  15  0:37  Probe (Chrono Boost)  
  15  0:39  Gateway  
  16  0:46  Assimilator  
  16  0:49  Probe (Chrono Boost)  
  17  0:54  Probe (Chrono Boost)  
  18  1:03  Probe  
  19  1:15  Probe  
  20  1:25  Nexus  
  20  1:28  Probe  
  21  1:42  Assimilator  
  21  1:44  Probe  
  21  1:45  Pylon  
  22  1:56  Probe  
  23  2:06  Cybernetics Core  
  23  2:14  Probe  
  24  2:22  Pylon  
  24  2:26  Probe  
  25  2:38  Probe x2  
  25  2:39  Pylon  
  25  2:40  Stalker (Chrono Boost)  
  29  2:44  Warp Gate  
  29  2:48  Twilight Council  
  29  2:50  Probe (Chrono Boost)  
  31  2:51  Probe (Chrono Boost)  
  31  3:02  Probe (Chrono Boost)  
  31  3:03  Stalker, Probe (Chrono Boost)  
  35  3:08  Probe (Chrono Boost)  
  35  3:09  Gateway  
  35  3:10  Probe  
  37  3:19  Probe  
  38  3:23  Probe  
  38  3:24  Pylon  
  39  3:31  Probe  
  40  3:35  Probe  
  40  3:36  Stalker  
  43  3:43  Probe  
  43  3:47  Probe  
  45  3:52  Blink (Chrono Boost)  
  45  3:55  Probe  
  45  3:59  Probe  
  47  4:08  Nexus, Probe  
  50  4:11  Probe  
  51  4:21  Pylon, Gateway  
  51  4:24  Probe x2  
  51  4:36  Pylon, Probe x2  
  53  4:39  Stalker x2  
  53  4:40  Pylon  
  57  4:48  Probe  
  57  4:49  Probe  
  59  5:01  Probe x2  
  59  5:05  Forge  
  61  5:08  Forge  
  61  5:11  Pylon  
  61  5:13  Stalker, Pylon, Probe  
  61  5:14  Stalker, Probe  
  67  5:15  Stalker  
  67  5:17  Pylon  
  69  5:25  Probe  
  69  5:28  Probe  
  69  5:33  Protoss Ground Weapons Level 1 (Chrono Boost)  
  69  5:34  Probe  
  69  5:35  Protoss Ground Armor Level 1 (Chrono Boost)  
  71  5:38  Probe  
  72  5:47  Charge (Chrono Boost), Probe x2  
  72  5:49  Nexus  
  74  5:50  Probe  
  74  5:51  Pylon  
  74  5:52  Templar Archives  
  75  6:00  Stalker x3  
  81  6:04  Probe  
  81  6:05  Probe x2  
  84  6:20  Gateway  
  84  6:22  Gateway  
  84  6:24  Gateway  
  84  6:26  Gateway  
  84  6:27  Probe x3  
  84  6:30  Gateway  
  84  6:31  Gateway  
  87  6:33  Gateway  
  87  6:40  Robotics Facility  
  87  6:42  Probe  
  87  6:43  Probe x2  
  87  6:45  Stalker x3  
  96  7:07  Probe x4  
  100  7:09  Nexus  
  100  7:10  Pylon  
  100  7:12  Zealot x3  
  100  7:13  Pylon  
  106  7:16  Zealot x2  
  106  7:20  Zealot x2  
  114  7:25  Probe x2  
  114  7:26  Probe  
  117  7:30  Protoss Ground Armor Level 2 (Chrono Boost), Protoss Ground Weapons Level 2 (Chrono Boost), Gateway  
  117  7:34  Gateway  
  117  7:37  Gateway  
  117  7:41  Zealot x7, Gateway  
  131  7:52  Observer  
  131  7:54  Zealot x3  
  138  8:02  Gateway  
  138  8:03  Gateway  
  136  8:05  Gateway  
  136  8:07  Gateway  
  136  8:10  Gateway  
  136  8:12  Gateway  
  136  8:15  Pylon  
  136  8:16  Warp Prism  
  136  8:19  Pylon  
  138  8:20  Zealot x6  
  138  8:21  Zealot  
  152  8:27  Pylon  
  152  8:29  Zealot x3  
  156  8:43  Zealot x7  
  170  8:51  Zealot x3  
  176  9:07  Zealot  
  176  9:08  Zealot x9  
  176  9:09  Zealot  
  198  9:11  Zealot  
  198  9:13  Nexus  
  198  9:15  Pylon  
  200  9:17  Pylon  
  172  9:39  Zealot x5  
  172  9:40  Zealot x7  
  172  9:41  Zealot x2  
  147  9:58  Zealot x2  
  147  9:59  Zealot x4  
  149  10:00  Zealot x5  
  149  10:01  Zealot  
  149  10:04  Zealot  
  149  10:05  Zealot x3  
  165  10:20  Zealot x6  
  165  10:21  Zealot x6  
  173  10:35  Zealot x4  
  181  10:42  Zealot x11  
  181  11:02  Zealot  
  181  11:03  Zealot x11  
  181  11:04  Zealot x2  
Tags
 
Add a new tag
Caveats
  • Supply blocks, unpowered buildings, or Contaminate may cause inaccurate times.
  • Supply counts are checked every 10 seconds.